 Dungeon Crawl Stone Soup version 0.24.1-14-gf8d2b509d9 (webtiles) character file.

Game seed: 1404824646667470436, levelgen mode: deterministic

245 Hugehornet the Sneak (level 6, -3/36 HPs)
             Began as an Octopode Enchanter on May 19, 2020.
             Slain by an orc
             ... wielding a +0 trident
              (4 damage)
             ... on level 3 of the Dungeon.
             The game lasted 00:05:11 (2994 turns).

Hugehornet the Sneak (Octopode Enchanter)           Turns: 2994, Time: 00:05:12

Health: -3/36      AC:  1    Str:  7    XL:     6   Next: 10%
Magic:  10/10      EV: 13    Int: 19    God:
Gold:   155        SH:  0    Dex: 13    Spells: 2/11 levels left

rFire    . . .     SeeInvis +   a - +1 dagger
rCold    . . .     Gourm    .   (no shield)
rNeg     . . .     Faith    .   (helmet restricted)
rPois    .         Spirit   .   (no amulet)
rElec    .         Reflect  .   b - ring of see invisible
rCorr    .         Harm     .   (no ring)
MR       .....                  (no ring)
Stlth    ++++......             (no ring)
HPRegen  0.12/turn              (no ring)
MPRegen  0.12/turn              (no ring)
                                (no ring)
                                (no ring)

@: no status effects
A: almost no armour, stealthy swim, amphibious, 8 rings, constrict 8, camouflage
1, gelatinous body 1
a: no special abilities


You were on level 3 of the Dungeon.
You were hungry.

You visited 1 branch of the dungeon, and saw 3 of its levels.

You collected 155 gold pieces.

Inventory:

Hand Weapons
 a - a +1 dagger (weapon)
Jewellery
 b - a ring of see invisible (left tentacle)
Scrolls
 g - a scroll of remove curse
 j - a scroll of teleportation
Potions
 d - a potion of heal wounds
 e - a potion of haste
 f - a potion of might {unknown}
 h - a potion of curing {unknown}
Comestibles
 c - 3 rations


   Skills:
 + Level 2.6 Short Blades
 - Level 2.0 Dodging
 * Level 6.7 Stealth
 - Level 3.0 Spellcasting
 * Level 3.3 Hexes
 - Level 1.8 Ice Magic


You had 2 spell levels left.
You knew the following spells:

 Your Spells              Type           Power        Failure   Level  Hunger
a - Ensorcelled Hibernat  Hex/Ice        ##....       8%          2    ##.....
b - Tukima's Dance        Hex            ###.....     12%         3    ###....
c - Confuse               Hex            ###.....     12%         3    ###....
s - Corona                Hex            ###....      3%          1    None

Your spell library contained the following spells:

 Spells                   Type           Power        Failure   Level  Hunger
 Dazzling Spray           Conj/Hex       #.....       22%         3    ###....


Dungeon Overview and Level Annotations

Branches:
Dungeon (3/15)

Altars:
Uskayaw


Innate Abilities, Weirdness & Mutations

You cannot wear most types of armour.
You are very stealthy in the water. (Stealth+)
You are amphibious.
You can wear up to eight rings at the same time.
You can use your tentacles to constrict eight enemies at once.
Your skin changes colour to match your surroundings (Stealth+).
Your rubbery body absorbs attacks. (AC +1, EV +1)


Message History

You hit the orc. You grab the orc.
The orc is lightly wounded.
You constrict the orc.
You kill the orc!
You constrict the orc, but do no damage.
The orc hits you with a +0 trident!
* * * LOW HITPOINT WARNING * * *
You hit the orc but do no damage.
The orc is lightly wounded.
You constrict the orc, but do no damage.
You hit the orc.
The orc is severely wounded.
You constrict the orc. The orc hits you with a +0 trident.
* * * LOW HITPOINT WARNING * * *
You hit the orc but do no damage.
The orc is almost dead.
You constrict the orc.
You kill the orc!
The orc hits you from afar with a +0 trident.
You die...

### .....
##.#.#######.#
......... ....
#.o))# #[.#
#@# #..# #)#
#..# #.# #..#
#.# #..# #"#
#..##
#.###..<#
#.....###
#######


You could see an orc.

Vanquished Creatures
  Sigmund (D:2)
  Terence (D:2)
  An adder (D:2)
  4 worms (D:2)
  A leopard gecko (D:2)
  4 orcs (D:3)
  4 giant cockroaches
  10 hobgoblins
  2 kobolds (D:1)
  A quokka (D:2)
  A ball python (D:2)
  4 frilled lizards
  6 goblins
  7 rats
47 creatures vanquished.

Vanquished Creatures (others)
  A dancing weapon (D:2)
1 creature vanquished.

Grand Total: 48 creatures vanquished

Notes
Turn   | Place    | Note
-------+----------+-------------------------------------------
     0 | D:1      | Hugehornet the Octopode Enchanter began the quest for the
                  | Orb.
     0 | D:1      | Reached XP level 1. HP: 11/11 MP: 3/3
   360 | D:1      | Reached XP level 2. HP: 10/17 MP: 5/5
   364 | D:1      | Learned a level 2 spell: Ensorcelled Hibernation
  1293 | D:2      | Noticed Sigmund
  1302 | D:2      | Killed Sigmund
  1302 | D:2      | Reached skill level 6 in Stealth
  1302 | D:2      | Reached skill level 1 in Ice Magic
  1302 | D:2      | Reached XP level 3. HP: 1/21 MP: 4/7
  1302 | D:2      | Reached XP level 4. HP: 2/27 MP: 4/8
  1302 | D:2      | Reached XP level 5. HP: 2/31 MP: 4/9
  1414 | D:2      | Learned a level 3 spell: Confuse
  1418 | D:2      | Learned a level 3 spell: Tukima's Dance
  1936 | D:2      | Noticed Terence
  1949 | D:2      | Killed Terence
  2141 | D:2      | Found a hide-covered altar of Uskayaw.
  2363 | D:2      | Reached XP level 6. HP: 15/36 MP: 10/10
  2993 | D:3      | HP: 1/36 [orc/+0 trident (5)]
  2994 | D:3      | Slain by an orc

Levels and vault maps discovered:
D:1:      doesnt_arrival_eight_statues, layout_rooms, minmay_misc_feat_enclosed,
          st_stairs_8, dk_noncrumbling_2
D:2:      layout_basic, nicolae_overflow_hidden_temple, serial_forest,
          infiniplex_forest_straight_1, infiniplex_forest_straight_2,
          infiniplex_forest_straight_3, infiniplex_forest_lined_ring,
          infiniplex_forest_end_1, minmay_fractal_squares_5, uniq_sigmund,
          uniq_terence
D:3:      layout_basic, uniq_natasha

Skill      XL: |  1  2  3  4  5 |
---------------+----------------+-----
Short Blades   | 2 |  2.6
Stealth        | 6 |  6.7
Ice Magic      | 1 |  1.8
Spellcasting   | 3 |  3.0
Dodging        | |  2.0
Hexes          | |  3.3

Action                   |  1- 3 |  4- 6 || total
-------------------------+-------+-------++-------
Melee: Dagger            |    41 |    76 ||   117
       Constrict         |    11 |    19 ||    30
       Tentacles         |     6 |    13 ||    19
 Cast: Ensorcelled Hiber |     1 |     5 ||     6
       Tukima's Dance    |       |     1 ||     1
       Corona            |       |     1 ||     1
  Use: Scroll            |     2 |     2 ||     4
 Stab: Sleeping          |     3 |    11 ||    14
  Eat: Chunk             |     1 |     5 ||     6
Armor: Skin              |     2 |     5 ||     7
Dodge: Dodged            |    23 |    37 ||    60
